 Dungeon Crawl Stone Soup version 0.28-a0-1312-g71652a0310 (webtiles) character file.

Game seed: 5914116612516966491

2422 funkygono the Magician (level 9, -1/63 HPs)
             Began as a White Draconian Fire Elementalist on Dec 27, 2021.
             Was an Initiate of Vehumet.
             Slain by a slime creature (4 damage)
             ... on level 6 of the Dungeon.
             The game lasted 00:18:28 (9790 turns).

funkygono the Magician (DrFE)                       Turns: 9790, Time: 00:18:30

Health: -1/63      AC: 11    Str: 10    XL:     9   Next: 24%
Magic:  11/20      EV: 12    Int: 19    God:    Vehumet [......]
Gold:   341        SH:  0    Dex: 13    Spells: 12/22 levels left

rFire   + + .      SeeInvis .   u - staff of fire
rCold   + . .      Faith    .   (no shield)
rNeg    . . .      Spirit   .   (armour unavailable)
rPois   .          Reflect  .   (helmet restricted)
rElec   .          Harm     .   y - +1 cloak
rCorr   .          Rampage  .   c - +1 pair of gloves
Will    .....                   (no boots)
Stlth   ++........              (no amulet)
HPRegen 0.20/turn               k - ring of protection from fire
MPRegen 0.17/turn               (no ring)

@: short of breath
A: breathe frost, AC +7, unfitting armour, cold resistance 1, cold-blooded
a: Breathe Frost, Renounce Religion


You were on level 6 of the Dungeon.
You worshipped Vehumet.
Vehumet was noncommittal.
You visited 2 branches of the dungeon, and saw 8 of its levels.

You collected 341 gold pieces.

Inventory:

Hand Weapons
 a - a +0 dagger
 b - a +0 whip of venom
 j - a +1 flail of protection
 m - a +1 dagger of holy wrath
 q - a +0 whip
 w - a +0 whip of freezing
 x - a +4 quarterstaff of chaos
Missiles
 d - 191 stones
 p - a throwing net
Armour
 c - a +1 pair of gloves (worn)
 e - a +0 kite shield
 f - a scarf of invisibility
 y - a +1 cloak (worn)
Magical Staves
 o - a staff of death
 u - a staff of fire (weapon)
Jewellery
 k - a ring of protection from fire (left hand)
 z - an amulet of guardian spirit
Wands
 r - a wand of flame (11)
 A - a wand of iceblast (9)
Potions
 g - a potion of attraction
 h - a potion of brilliance
 i - a potion of mutation
 l - a potion of invisibility
 n - 2 potions of magic
 s - a potion of curing {unknown}
 t - 2 potions of might
 v - a potion of ambrosia {unknown}
 B - a potion of lignification {unknown}


   Skills:
 + Level 0.8 Fighting
 + Level 0.2 Maces & Flails
 + Level 3.0 Dodging
 - Level 1.7 Stealth
 * Level 7.3 Spellcasting
 * Level 6.2 Conjurations
 * Level 6.2 Fire Magic


You had 12 spell levels left.
You knew the following spells:

 Your Spells              Type           Power      Damage    Failure   Level
a - Foxfire               Conj/Fire      100%       2x1d9     1%          1
b - Scorch                Fire           92%        2d10      1%          2
c - Conjure Flame         Conj/Fire      46%        6-21      2%          3
d - Flame Wave            Conj/Fire      46%        2d8       8%          4

Your spell library contained the following spells:

 Spells                   Type           Power      Damage    Failure   Level
 Inner Flame              Hex/Fire       28%        N/A       9%          3
 Corpse Rot               Necr/Air       12%        N/A       14%         2
 Poisonous Vapours        Pois/Air       12%        N/A       14%         2
 Sublimation of Blood     Necr           6%         N/A       14%         2
 Wereblood                Tmut           6%         N/A       14%         2
 Olgreb's Toxic Radiance  Pois           6%         N/A       67%         4
 Ozocubu's Refrigeration  Ice            3%         4d5       100%        7
 Summon Hydra             Summ           3%         N/A       100%        7
 Ignition                 Fire           23%        3d8       100%        8


Dungeon Overview and Level Annotations

Branches:
Dungeon (7/15)             Temple (1/1) D:6

Altars:
Ashenzari
Cheibriados
Dithmenos
Elyvilon
Fedhas
Gozag
Hepliaklqana
Kikubaaqudgha
Makhleb
Nemelex Xobeh
Okawaru
Qazlal
Ru
Sif Muna
Trog
Uskayaw
Vehumet
Wu Jian
Xom
Yredelemnul
Zin
The Shining One

Annotations:
D:6 2 transporters, Lanoc's ghost, weakling MiDe


Innate Abilities, Weirdness & Mutations

You can breathe waves of freezing cold which knock back foes.
Your icy white scales are hard. (AC +7)
You cannot fit into any form of body armour.
Your flesh is cold resistant. (rC+)
You are cold-blooded and may be slowed by cold attacks.


Message History

The foxfire hits the large slime creature.
The large slime creature is severely wounded.
The foxfire hits the large slime creature!
The large slime creature is severely wounded.
The foxfire hits the large slime creature.
The large slime creature is severely wounded.
The foxfire hits the large slime creature.
The large slime creature is severely wounded.
Casting: Foxfire (safe; 1% risk of failure)
Confirm with . or Enter, or press ? or * to list all spells.
You feel a surge of power!
You conjure some foxfire!
Casting: Foxfire (safe; 1% risk of failure)
Confirm with . or Enter, or press ? or * to list all spells.
You feel a surge of power!
You conjure some foxfire!
The foxfire hits the large slime creature but does no damage.
The large slime creature is severely wounded.
The foxfire hits the large slime creature.
The large slime creature is severely wounded.
The large slime creature hits you!
* * * LOW HITPOINT WARNING * * *
The foxfire hits the large slime creature!
The large slime creature is severely wounded.
The foxfire hits the large slime creature.
The large slime creature is severely wounded.
Casting: Foxfire (safe; 1% risk of failure)
Confirm with . or Enter, or press ? or * to list all spells.
You feel a surge of power!
You conjure some foxfire!
A large slime creature splits.
Unknown command.
The foxfire hits the slime creature.
The slime creature is almost dead.
The foxfire hits the slime creature!
The slime creature is almost dead.
Casting: Foxfire (safe; 1% risk of failure)
Confirm with . or Enter, or press ? or * to list all spells.
You feel a surge of power!
You conjure some foxfire!
The slime creature hits you!
* * * LOW HITPOINT WARNING * * *
The slime creature hits you.
You die...

.# ##.###.##.# ##...#)...# .#
#.# #.##.######.##.).(#
.#########.# #...........##....#
...........# #...............[.#
.#############....######.###...#
.# #.........###.# ###.#
.######### #.............#####.#
.........#
#...v.J...###.##.##.##
########.#
####.@J.......#.#.#...
#.######.§v###.##.......#.
#..............######.)>..
################ ######


You could see 2 slime creatures.

Vanquished Creatures
  Pikel (D:5)
  A hornet (D:5)
  A black bear (D:5)
  An ice beast (D:6)
  A necrophage (D:4)
  2 ogres (D:4)
  A lemure (D:6)
  2 bullfrogs
  Blork the orc (D:4)
  3 scorpions
  A water moccasin skeleton (D:5)
  2 centaur zombies
  A bullfrog zombie (D:6)
  A hound (D:4)
  2 jellies (D:4)
  4 orc priests
  A bullfrog skeleton (D:5)
  A centaur skeleton (D:6)
  5 iguanas
  Crazy Yiuf (D:4)
  A scorpion zombie (D:5)
  2 orc wizards
  A killer bee zombie (D:5)
  A hound skeleton (D:4)
  4 gnolls (D:2)
  7 adders
  A shadow imp (D:5)
  2 ufetubi (D:4)
  4 worms
  5 dart slugs
  18 orcs
  8 endoplasms
  6 giant cockroaches
  8 goblins
  13 hobgoblins
  2 jackals (D:1)
  2 quokkas
  6 ball pythons
  4 bats
  3 frilled lizards
  12 kobolds
  7 rats
  A bush (D:4)
151 creatures vanquished.

Vanquished Creatures (collateral kills)
  5 foxfires (D:4)
5 creatures vanquished.

Vanquished Creatures (others)
  664 foxfires
664 creatures vanquished.

Grand Total: 820 creatures vanquished

Notes
Turn   | Place    | Note
-------+----------+-------------------------------------------
     0 | D:1      | funkygono the Draconian Fire Elementalist began the quest
                  | for the Orb.
     0 | D:1      | Reached XP level 1. HP: 14/14 MP: 3/3
   201 | D:1      | Reached XP level 2. HP: 18/20 MP: 0/5
   385 | D:1      | Learned a level 2 spell: Scorch
   955 | D:1      | Found a faded altar of an unknown god.
  1273 | D:2      | Reached XP level 3. HP: 26/26 MP: 3/6
  1277 | D:2      | Learned a level 3 spell: Conjure Flame
  1922 | D:2      | Reached XP level 4. HP: 33/33 MP: 5/8
  3077 | D:3      | Noticed a scorpion
  3083 | D:3      | Killed a scorpion
  3084 | D:3      | Reached skill level 3 in Spellcasting
  3084 | D:3      | Reached XP level 5. HP: 38/38 MP: 3/9
  3620 | D:3      | Found an opulent altar of Gozag.
  3934 | D:3      | Reached skill level 4 in Spellcasting
  3934 | D:3      | Reached XP level 6. HP: 45/45 MP: 6/12
  3939 | D:3      | Learned a level 4 spell: Flame Wave
  3996 | D:3      | You fall into a shaft and drop 3 floors!
  4045 | D:5      | Entered Level 5 of the Dungeon
  4045 | D:5      | Noticed Pikel
  4138 | D:4      | Reached skill level 5 in Fire Magic
  5304 | D:4      | Your scales start taking on an icy white colour.
  5304 | D:4      | Reached XP level 7. HP: 51/51 MP: 7/14
  5304 | D:4      | Gained mutation: Your flesh is cold resistant. (rC+) [White
                  | Draconian growth]
  5396 | D:4      | Noticed Blork the orc
  5402 | D:4      | Killed Blork the orc
  5403 | D:4      | Reached skill level 5 in Spellcasting
  6456 | D:4      | Found a runed translucent door.
  6457 | D:4      | Noticed Crazy Yiuf
  6464 | D:4      | Killed Crazy Yiuf
  6545 | D:4      | Reached XP level 8. HP: 58/58 MP: 12/16
  6863 | D:5      | Reached skill level 5 in Conjurations
  7021 | D:5      | Reached skill level 5 in Fire Magic
  7415 | D:5      | Noticed a hornet
  7418 | D:5      | Paralysed by a hornet for 2 turns
  7428 | D:5      | Killed a hornet
  7429 | D:5      | Reached skill level 6 in Spellcasting
  7789 | D:5      | Killed Pikel
  8020 | D:5      | Reached skill level 7 in Spellcasting
  8020 | D:5      | Reached XP level 9. HP: 63/63 MP: 12/19
  8385 | D:6      | Found a staircase to the Ecumenical Temple.
  8409 | Temple   | Entered the Ecumenical Temple
  8460 | Temple   | Became a worshipper of Vehumet
  9037 | D:6      | Found a transporter.
  9037 | D:6      | Noticed Lanoc's ghost (weakling MiDe)
  9041 | D:6      | Noticed a troll
  9042 | D:6      | Found a transporter.
  9790 | D:6      | HP: 3/63 [slime creature (14)]
  9790 | D:6      | Slain by a slime creature

Illustrated notes

Levels and vault maps discovered:
D:1:      lemuel_arrival_lava_pool, layout_loops_cross,
          shapermc_ecumenical_altar_petra, minmay_heptomino_d4
D:2:      layout_basic
D:3:      layout_basic, general_overflow_altar
D:4:      cheibrodos_pilgrimage, layout_basic, serial_forest,
          infiniplex_forest_clump_tiny, infiniplex_forest_fountain,
          infiniplex_forest_zigzag_1, infiniplex_forest_zigzag_1,
          infiniplex_forest_straight_3, infiniplex_forest_end_1,
          infiniplex_forest_end_2, infiniplex_forest_clump_diagonal,
          st_stairs_2, supply_closet_lemuel, grunt_ministairs_1,
          uniq_crazy_yiuf_cottage, uniq_blork_the_orc
D:5:      layout_loops_corners, uniq_pikel
D:6:      layout_loops_ring, minmay_temple_entry_sparse_star,
          gammafunk_ghost_arena, nicolae_sextant, kennysheep_big_empty_room
D:7:      layout_gridville, gammafunk_ghost_grave
Temple:   mainiacjoe_temple_circle_huts

Skill      XL: |  1  2  3  4  5  6  7  8  9 |
---------------+----------------------------+-----
Conjurations   | 2 3 4 6 |  6.2
Fire Magic     | 4 4 5 6 |  6.2
Spellcasting   | 3 4 5 7 |  7.3
Dodging        | 2 3 |  3.0
Fighting       | |  0.8
Maces & Flails | |  0.2
Stealth        | |  1.7

Action                   |  1- 3 |  4- 6 |  7- 9 || total
-------------------------+-------+-------+-------++-------
Melee: Dagger            |     5 |    17 |       ||    22
       Tailslap          |       |     1 |       ||     1
       Flail             |       |     1 |    13 ||    14
 Cast: Foxfire           |    78 |   132 |   182 ||   392
       Scorch            |     5 |    12 |    17 ||    34
       Flame Wave        |       |       |     1 ||     1
 Abil: Breathe Frost     |       |       |     6 ||     6
  Use: Scroll            |     1 |     7 |     8 ||    16
Armor: Skin              |    11 |    30 |    22 ||    63
Dodge: Dodged            |    16 |    51 |    36 ||   103

Table legend: (Time is in decaauts)
 A = Elapsed time spent in this place.
 B = Non-inter-level travel time spent in this place.
 C = Inter-level travel time spent in this place.
 D = Time resting spent in this place.
 E = Time spent auto-exploring this place.
 F = Levels seen in this place.
 G = Mean time per level.
                   A        B        C        D        E       F      G
               +--------+--------+--------+--------+--------+-----+--------+
         Total |   9803 |   9532 |    271 |    495 |   7022 |   8 | 1225.4 |
       Dungeon |   9434 |   9192 |    242 |    495 |   6708 |   7 | 1347.7 |
        Temple |    368 |    339 |     29 |      0 |    314 |   1 |  368.0 |
               +--------+--------+--------+--------+--------+-----+--------+

Top non-repeatable levels by time:
     D:4: 1841 daAuts
     D:2: 1794 daAuts
     D:3: 1750 daAuts
     D:5: 1670 daAuts
     D:1: 1212 daAuts
     D:6: 1152 daAuts
  Temple: 368 daAuts
     D:7: 13 daAuts
